 Dungeon Crawl Stone Soup version 0.19.0-11-g3fc08b3 (console) character file.

11 OvidiusNaso the Shooter (level 2, 0/23 HPs)
             Began as a Centaur Arcane Marksman on Nov 8, 2016.
             Slain by a giant cockroach (1 damage)
             ... on level 1 of the Dungeon.
             The game lasted 00:04:32 (260 turns).

OvidiusNaso the Shooter (Centaur Arcane Marksman)    Turns: 260, Time: 00:04:33

Health: 0/23       AC:  7    Str: 13    XL:     2   Next: 13%
Magic:  2/3        EV:  9    Int: 12    God:
Gold:   0          SH:  0    Dex:  8    Spells: 1 memorised, 2 levels left

rFire  . . .     SeeInvis .     a - +0 shortbow
rCold  . . .     Gourm    .     e - +0 robe
rNeg   . . .     Faith    .     (shield currently unavailable)
rPois  .         Spirit   .     (no helmet)
rElec  .         Reflect  .     (no cloak)
rCorr  .         Harm     .     l - +2 pair of gloves
MR     .....                    (no barding)
Stlth  +.........               (no amulet)
                                (no ring)
                                (no ring)

@: very quick
A: hooves 3, deformed body, speed 2, tough skin 3
a: no special abilities


You were on level 1 of the Dungeon.
You were not hungry.

You visited 1 branch of the dungeon, and saw 1 of its levels.

Inventory:

Hand Weapons
 a - a +0 shortbow (weapon)
 k - a +0 dagger
Missiles
 d - 6 arrows (quivered)
Armour
 e - a +0 robe (worn)
 h - a +0 cloak
 l - a +2 pair of gloves (worn)
Jewellery
 b - a +6 ring of dexterity {unknown}
 g - an uncursed ring of resist corrosion {unknown}
 i - an uncursed amulet of rage {unknown}
Books
 c - a book of Debilitation

   Spells                             Type                      Level
   a - Corona                         Hexes                        1
   b - Slow                           Hexes                        2
   c - Gell's Gravitas                Hexes/Translocation          3
   d - Inner Flame                    Hexes/Fire                   3
   e - Cause Fear                     Hexes                        4
   f - Leda's Liquefaction            Hexes/Earth                  4
Comestibles
 f - a bread ration
 j - a meat ration


   Skills:
 + Level 1.3 Fighting
 * Level 3.2 Bows
 - Level 1.3 Dodging
 - Level 1.0 Spellcasting
 * Level 2.9 Hexes


You had 2 spell levels left.
You knew the following spells:

 Your Spells              Type           Power        Failure   Level  Hunger
a - Corona                Hex            #......      12%         1    ##.....


Dungeon Overview and Level Annotations

Branches:
Dungeon (1/15)

Altars:


Innate Abilities, Weirdness & Mutations

You have hooves in place of feet.
Armour fits poorly on your strangely shaped body.
You cover ground very quickly.
You have extremely tough skin. (AC +3)


Message History

The giant cockroach barely misses you.
Firing (i - inventory):
d - 9 arrows (quivered)
Press: ? - help, Shift-Dir - straight line, f/p - kobold
Aim: a kobold, wielding a whip of electrocution You shoot an arrow.
The arrow hits the kobold but does no damage.
The giant cockroach bites you.
* * * LOW HITPOINT WARNING * * *
The kobold hits you but does no damage.
Firing (i - inventory):
d - 8 arrows (quivered)
Press: ? - help, Shift-Dir - straight line, f/p - kobold
Aim: a kobold, wielding a whip of electrocution You shoot an arrow.
The arrow closely misses the kobold.
The giant cockroach barely misses you. The kobold misses you.
Firing (i - inventory):
d - 7 arrows (quivered)
Press: ? - help, Shift-Dir - straight line, f/p - kobold
Aim: a kobold, wielding a whip of electrocution You shoot an arrow.
The arrow closely misses the kobold.
The giant cockroach bites you.
You die...

....####........#
................####
....####.#........#
.................##
#####.####.#..........
...........#........##
#####.................#
#.........[.##........#
#...........##...[....#
#...........##........#
#......@....###########
#......sK...#
#......(....#
#...........#
#......(...(#
#...........#
#[..........#
#......($..(#


You could see a giant cockroach and a kobold.

Vanquished Creatures
  A leopard gecko (D:1)
  2 bats (D:1)
  2 giant cockroaches (D:1)
  A goblin (D:1)
  A hobgoblin (D:1)
  A kobold (D:1)
8 creatures vanquished.

Notes
Turn   | Place    | Note
-------+----------+-------------------------------------------
     0 | D:1      | OvidiusNaso the Centaur Arcane Marksman began the quest for the Orb.
     0 | D:1      | Reached XP level 1. HP: 16/16 MP: 2/2
    45 | D:1      | Reached skill level 3 in Bows
   141 | D:1      | Reached XP level 2. HP: 23/23 MP: 1/3
   211 | D:1      | HP: 1/23 [poisoned by a kobold]
   216 | D:1      | HP: 1/23 [poisoned by a kobold]
   258 | D:1      | HP: 1/23 [giant cockroach (2)]
   260 | D:1      | Slain by a giant cockroach

Skill      XL: |  1 |
---------------+----+-----
Bows           | 3 |  3.2
Fighting       | |  1.3
Dodging        | |  1.3
Spellcasting   | |  1.0
Hexes          | |  2.9

Action                   || total
-------------------------++-------
Melee: Dagger            ||     7
 Fire: Shortbow          ||    31
 Cast: Corona            ||     5
  Use: Scroll            ||     1
Armor: Robe              ||    10
Dodge: Dodged            ||    23
